 Dungeon Crawl Stone Soup version 0.28.0-43-g3370ac3207 (webtiles) character file.

Game seed: 13306105495456821160

79 pkoi the Charlatan (level 3, -1/24 (28) HPs)
             Began as a Demigod Artificer on Mar 31, 2022.
             Slain by a necrophage (2 damage)
             ... on level 3 of the Dungeon.
             The game lasted 00:04:24 (4302 turns).

pkoi the Charlatan (Demigod Artificer)              Turns: 4302, Time: 00:04:25

HP:   -1/24 (28)    AC:  3    Str: 17    XL:     3   Next: 95%
MP:   5/5           EV: 11    Int: 13    God:
Gold: 78            SH:  0    Dex: 14    Spells: 2/2 levels left

rFire   + . .      SeeInvis .   f - +0 whip
rCold   . . .      Faith    .   (no shield)
rNeg    . . .      Spirit   .   b - +0 leather armour
rPois   .          Reflect  .   (no helmet)
rElec   .          Harm     .   (no cloak)
rCorr   .          Rampage  .   (no gloves)
Will    .....                   (no boots)
Stlth   +.........              (no amulet)
HPRegen 0.08/turn               i - ring of protection from fire
MPRegen 0.09/turn               (no ring)

@: heavily drained
A: high MP 1, forlorn, divine attributes
a: no special abilities


You were on level 3 of the Dungeon.
You visited 1 branch of the dungeon, and saw 3 of its levels.

You collected 78 gold pieces.

Inventory:

Hand Weapons
 a - a +0 club
 f - a +0 whip (weapon)
Armour
 b - a +0 leather armour (worn)
Jewellery
 i - a ring of protection from fire (left hand)
Wands
 c - a wand of flame (6) (quivered)
 d - a wand of charming (12)
Scrolls
 h - 2 scrolls of brand weapon {unknown}
 j - a scroll of holy word {unknown}
 k - a scroll of magic mapping {unknown}
 l - a scroll of teleportation {unknown}
 m - 3 scrolls of enchant weapon {unknown}
 n - a scroll of identify {unknown}
 q - a scroll of blinking {unknown}
 s - a scroll of amnesia {unknown}
Potions
 g - a potion of flight {unknown}
 o - a potion of mutation {unknown}
 p - a potion of lignification {unknown}
 r - a potion of curing {unknown}
 t - a potion of heal wounds {unknown}
Miscellaneous
 e - a piece from Xom's chessboard (12/15)


   Skills:
 + Level 1.4 Fighting
 - Level 1.7 Armour
 + Level 1.5 Dodging
 - Level 0.8 Stealth
 + Level 1.7 Unarmed Combat
 * Level 3.5 Evocations


You had 2 spell levels left.
You didn't know any spells.
Your spell library was empty.

Dungeon Overview and Level Annotations

Branches:
Dungeon (3/15)

Shops:
D:1 !??


Innate Abilities, Weirdness & Mutations

You have an increased reservoir of magic. (+10% MP)
You shall have no god before yourself.
Your divine heritage dramatically boosts your attributes as you level up.


Message History

The puff of flame hits the necrophage.
The necrophage is moderately damaged.
The necrophage hits you.
* * * LOW HITPOINT WARNING * * *
You feel drained.
* * * LOW HITPOINT WARNING * * *
Aiming: Throw Flame
Press: ? - help, Shift-Dir - straight line, f/p - necrophage
Aim: a necrophage (moderately damaged, 71% to hit)
The puff of flame hits the necrophage!
The necrophage is heavily damaged.
The necrophage hits you.
* * * LOW HITPOINT WARNING * * *
You feel drained.
* * * LOW HITPOINT WARNING * * *
Aiming: Throw Flame
Press: ? - help, Shift-Dir - straight line, f/p - necrophage
Aim: a necrophage (heavily damaged, 71% to hit)
The puff of flame hits the necrophage.
The necrophage is severely damaged.
The necrophage hits you.
* * * LOW HITPOINT WARNING * * *
Unknown command.
Aiming: Throw Flame
Press: ? - help, Shift-Dir - straight line, f/p - necrophage
Aim: a necrophage (severely damaged, 71% to hit)
The puff of flame misses the necrophage.
The necrophage hits you.
* * * LOW HITPOINT WARNING * * *
You feel drained.
* * * LOW HITPOINT WARNING * * *
Aiming: Throw Flame
Press: ? - help, Shift-Dir - straight line, f/p - necrophage
Aim: a necrophage (severely damaged, 71% to hit)
The puff of flame hits the necrophage.
The necrophage is almost destroyed.
The necrophage hits you.
* * * LOW HITPOINT WARNING * * *
You feel drained.
You die...

.............##
#..# .
...##..######
#..# .# #..#
#..#####.## #..#
#.......... #..#
#####..####
#....#.## ######
##.# #.
###.###.##......
#.###. #.#
##...# #..[.. ##
#.n@## #.###.
#.##.# #.# #.
#.# #.# ######
## #.. #.###
#### ##....
#..### #.....
###### #


You could see a necrophage.

Vanquished Creatures
  4 adders (D:2)
  3 dart slugs
  An orc (D:2)
  3 ball pythons
  5 endoplasms
  A giant cockroach (D:2)
  3 goblins
  4 hobgoblins
  A quokka (D:3)
  A bat (D:1)
  2 frilled lizards
  A kobold (D:2)
  5 rats
34 creatures vanquished.

Vanquished Creatures (collateral kills)
  A hobgoblin (D:3)
  A ball python (D:3)
2 creatures vanquished.

Grand Total: 36 creatures vanquished

Notes
Turn   | Place    | Note
-------+----------+-------------------------------------------
     0 | D:1      | pkoi the Demigod Artificer began the quest for the Orb.
     0 | D:1      | Reached XP level 1. HP: 15/15 MP: 3/3
   144 | D:1      | Found Poschewo's Distillery.
   417 | D:1      | Found Loah's Magic Scroll Shoppe.
   495 | D:1      | Reached skill level 3 in Evocations
   501 | D:1      | Reached skill level 1 in Unarmed Combat
   501 | D:1      | Reached XP level 2. HP: 4/22 MP: 4/4
   893 | D:1      | Found Kizip's Magic Scroll Shoppe.
  1615 | D:2      | Reached skill level 1 in Fighting
  1615 | D:2      | Reached skill level 1 in Dodging
  2012 | D:2      | Reached XP level 3. HP: 15/28 MP: 5/5
  4294 | D:3      | Noticed a necrophage
  4302 | D:3      | HP: 1/25 [necrophage (4)]
  4302 | D:3      | Slain by a necrophage

Illustrated notes

Levels and vault maps discovered:
D:1:      saegor_arrival_simple_c, layout_rooms, serial_shops, shop,
          nicolae_shop_window_shopping, nicolae_shop_hallway_plus
D:2:      layout_loops_ring, kennysheep_generic_room_8
D:3:      layout_loops_ring, chequers_temple_overflow_statue_of_worship,
          gup_sewer_entry_bubbles, dreamdust_ecumenical_altar_statues

Skill      XL: |  1  2 |
---------------+-------+-----
Evocations     | 3 |  3.5
Unarmed Combat | 1 |  1.7
Fighting       | 1 |  1.4
Dodging        | 1 |  1.5
Armour         | |  1.7
Stealth        | |  0.8

Action                   || total
-------------------------++-------
Melee: Whip              ||   157
       Club              ||     6
Evoke: Piece from Xom's  ||     7
       Wand              ||    12
 Stab: Sleeping          ||     5
       Petrified         ||    15
       Petrifying        ||     1
Armor: Leather armour    ||    36
Dodge: Dodged            ||    95
